 Dungeon Crawl Stone Soup version 0.30.1-11-g7821555f0a (webtiles) character file.

Game seed: 12037547474638558166

63 strifetoe the Chopper (level 3, -3/32 HPs)
             Began as an Armataur Berserker on Nov 2, 2023.
             Was a Follower of Trog.
             Slain by a gnoll
             ... wielding a +0 flail
              (7 damage)
             ... on level 2 of the Dungeon.
             The game lasted 00:01:33 (610 turns).

strifetoe the Chopper (Armataur Berserker)           Turns: 610, Time: 00:01:34

Health: -3/32      AC:  4    Str: 24    XL:     3   Next: 87%
Magic:  3/3        EV:  9    Int:  7    God:    Trog [*.....]
Gold:   52         SH:  0    Dex:  9    Spells: 2/2 levels left

rFire   . . .        a - +0 hand axe
rCold   . . .        (no shield)
rNeg    . . .        b - +0 animal skin
rPois   .            (no helmet)
rElec   .            (no cloak)
rCorr   .            (no gloves)
SInv    .            (no barding)
Will    .....        (no amulet)
Stlth   +            (no ring)
HPRegen 0.25/turn    (no ring)
MPRegen 0.08/turn

%: roll
@: on berserk cooldown, slowed, very slow
A: large, rugged brown scales 3, deformed body, armoured tail, roll, long
tongue, awkward tongue
a: Renounce Religion, Berserk


You were on level 2 of the Dungeon.
You worshipped Trog.
Trog was aware of your devotion.
You visited 1 branch of the dungeon, and saw 2 of its levels.

You collected 52 gold pieces.

Inventory:

Hand Weapons
 a - a +0 hand axe (weapon)
Armour
 b - a +0 animal skin (worn)
Scrolls
 e - a scroll of enchant armour {unknown}
 f - a scroll of vulnerability {unknown}
 g - a scroll of acquirement {unknown}
Potions
 c - a potion of degeneration {unknown}
 d - a potion of curing {unknown}


   Skills:
 - Level 2.6 Fighting
 + Level 4.0 Axes
 - Level 2.4 Armour
 - Level 1.3 Dodging


You had 2 spell levels left.
You didn't know any spells.
Your spell library was empty.

Dungeon Overview and Level Annotations

Branches:
Dungeon (1/15)

Altars:

Shops:
D:2 *!?*


Innate Abilities, Weirdness & Mutations

You are completely covered in rugged brown scales. (AC +3, +7% HP)
Armour fits poorly on your strangely shaped body.
You have a long armoured tail.
You roll when moving toward enemies. (Rampage)
Your long tongue fully drains potion bottles. (2x potion effects)
Your tongue gives you trouble enunciating. (1.5x scroll delay)


Message History

Your Axes skill increases to level 4!
Things that are here:
a +0 halberd; a gnoll corpse You start resting.
You feel a strong urge to attack something.
You start resting.
You feel your anger nearly subside.
Unknown command.
You start resting.
Your blood rage is quickly leaving you.
You start resting.
You are no longer berserk.
You are exhausted.
You feel yourself slow down.
Unknown command.
You start resting.
A gnoll comes into view. It is wielding a +0 flail.
A gnoll is nearby!
A gnoll is nearby!
A gnoll is nearby!
The gnoll shouts!
You are too injured to fight recklessly!
You hit the gnoll but do no damage. The gnoll barely misses you.
You hit the gnoll.
Your tail-slap misses the gnoll.
The gnoll is moderately wounded.
The gnoll misses you. The gnoll closely misses you.
You hit the gnoll.
The gnoll is heavily wounded.
The gnoll hits you with a +0 flail.
* * * LOW HITPOINT WARNING * * *
The gnoll hits you with a +0 flail.
* * * LOW HITPOINT WARNING * * *
You barely miss the gnoll.
The gnoll is heavily wounded.
The gnoll barely misses you.
Unknown command.
You hit the gnoll.
The gnoll is heavily wounded.
The gnoll hits you with a +0 flail!
You die...

#...).... #.(......
###...###........
##....>...........
#.................
.................
..........รท..)..
######..............
#.####..@g...............
#....)..##.........######
######.)##..#)....##
#).....#.....#
##.##.######.# ...##.#
#.# ######.# ###.# #..
#...# ### ### #.### ...


You could see a gnoll.

Vanquished Creatures
  3 gnolls (D:2)
  2 adders (D:2)
  A worm (D:2)
  5 endoplasms (D:2)
  A quokka (D:2)
  A ball python (D:2)
  A goblin (D:2)
  2 kobolds (D:2)
  A rat (D:2)
17 creatures vanquished.

Notes
Turn   | Place    | Note
-------+----------+-------------------------------------------
     0 | D:1      | strifetoe the Armataur Berserker began the quest for the
                  | Orb.
     0 | D:1      | Reached XP level 1. HP: 19/19 MP: 1/1
    54 | D:1      | You fall into a shaft and drop 1 floor!
   109 | D:2      | Found Teised's General Store.
   172 | D:2      | Found Jimuis's Distillery.
   185 | D:2      | Reached XP level 2. HP: 19/26 MP: 2/2
   221 | D:2      | Reached skill level 3 in Axes
   251 | D:2      | Found Gagynt's General Store.
   261 | D:2      | Found Ingil's Magic Scroll Boutique.
   500 | D:2      | Reached XP level 3. HP: 21/32 MP: 3/3
   595 | D:2      | Reached skill level 4 in Axes
   610 | D:2      | Slain by a gnoll

Illustrated notes

Levels and vault maps discovered:
D:1:      minmay_arrival_checkered_box, layout_basic, nrook_campfire,
          minmay_vboxes
D:2:      layout_basic, serial_shops, shop, shop, nicolae_shop_statue_plus,
          shop, shop, minivault_23, lexackson_kobold_supper

Skill      XL: |  1  2  3 |
---------------+----------+-----
Axes           | 3 4 |  4.0
Fighting       | |  2.6
Armour         | |  2.4
Dodging        | |  1.3

Action                     || total
---------------------------++-------
  Melee: Hand axe          ||    42
         Tailslap          ||     5
 Invoke: Berserk           ||     1
   Stab: Sleeping          ||     1
 Armour: Animal skin       ||     7
  Dodge: Dodged            ||    20
